cohdb
Replays
Latest Replays
All Replays
Popular Replays
Top Player Replays
Match Explorer
How It Works
Community
CoH3 Stats
Reddit
Sign in to upload your games and track your stats! →
Sign in with Steam
Match 42257387
Unlisted
Match 42257387
Overview
Messages
Build Orders
End
Panzergrenadier Squad
Panzergrenadier Squad
250 Light Carrier
Construct Light Support Kompanie
MG34 Team
Combat Half-tracks
Construct Mechanized Kompanie
Panzerjäger Mechanized Group
Panzerpioneer Squad
Support Armor Elements
StuG III D Assault Gun
Pak 38 Anti-tank Gun Team
StuG III D Assault Gun
Selects Italian Infantry
Selects Guastatori Squad
Selects L6/40 Light Tank Combat Group
Pak 38 Anti-tank Gun Team
Selects Towed Cannone da 105/28 Field Howitzer
Towed Cannone da 105/28 Field Howitzer
Construct Panzerarmee Kommand
Construct Panzerarmee Kommand
Armored Reserves
Veteran Squad Leaders
MG34 Team
Panzergrenadier Squad
Selects Defensive Operations
Selects Prepared Positions
Saueee
eliass0101
Tomlin
4IRT
0
0
Comments
sign in to comment!
No comments posted yet!